 Dungeon Crawl Stone Soup version 0.29.1-15-g9cfb28693d (webtiles) character file.

Game seed: 14834219050169795067

295 Sanktem7 the Shield-Bearer (level 6, -1/53 HPs)
             Began as a Gnoll Fighter on Mar 14, 2023.
             Slain by Edmund
             ... wielding a +6 flail of protection
              (3 damage)
             ... on level 4 of the Dungeon.
             The game lasted 00:04:40 (3111 turns).

Sanktem7 the Shield-Bearer (Gnoll Fighter)          Turns: 3111, Time: 00:04:40

Health: -1/53      AC: 10    Str: 17    XL:     6   Next: 34%
Magic:  9/9        EV:  7    Int:  7    God:
Gold:   136        SH:  5    Dex: 12    Spells: 9/9 levels left

rFire   . . .      SeeInvis .   a - +0 war axe {axe}
rCold   . . .      Faith    .   c - +0 buckler
rNeg    . . .      Spirit   .   p - +0 chain mail
rPois   .          Reflect  .   (no helmet)
rElec   .          Harm     .   (no cloak)
rCorr   .          Rampage  .   (no gloves)
Will    .....                   (no boots)
Stlth   ..........              (no amulet)
HPRegen 0.17/turn               (no ring)
MPRegen 0.11/turn               (no ring)

@: no status effects
A: fangs 1, strong nose, distributed training
a: no special abilities


You were on level 4 of the Dungeon.
You visited 1 branch of the dungeon, and saw 4 of its levels.

You collected 136 gold pieces.


Innate Abilities, Weirdness & Mutations

You have very sharp teeth.
Your uncanny sense of smell can sniff out nearby items.
Your experience applies equally to all skills.


   Skills:
 + Level 6.8 Fighting
 + Level 2.0 Short Blades
 + Level 2.0 Long Blades
 + Level 5.0 Axes
 + Level 2.0 Maces & Flails
 + Level 2.0 Polearms
 + Level 2.0 Staves
 + Level 2.0 Ranged Weapons
 + Level 2.0 Throwing
 + Level 6.8 Armour
 + Level 2.0 Dodging
 + Level 2.0 Stealth
 + Level 6.8 Shields
 + Level 2.0 Unarmed Combat
 + Level 2.0 Spellcasting
 + Level 1.5 Conjurations
 + Level 1.5 Hexes
 + Level 1.5 Summonings
 + Level 1.5 Necromancy
 + Level 1.5 Translocations
 + Level 1.5 Transmutations
 + Level 1.5 Fire Magic
 + Level 1.5 Ice Magic
 + Level 1.5 Air Magic
 + Level 1.5 Earth Magic
 + Level 1.5 Poison Magic
 + Level 2.2 Invocations
 + Level 2.0 Evocations


You had 9 spell levels left.
You didn't know any spells.
Your spell library was empty.

Inventory:

Hand Weapons
 a - a +0 war axe (weapon) {axe}
Missiles
 m - 11 javelins (quivered) {throwing}
 o - 10 stones {throwing}
 q - 4 poisoned darts {throwing}
Armour
 b - a +0 scale mail
 c - a +0 buckler (worn)
 p - a +0 chain mail (worn)
   (You found it on level 1 of the Dungeon)
 v - a +0 helmet
   (You took it off Robin on level 3 of the Dungeon)
Jewellery
 x - a ring of protection from cold
   (You found it on level 3 of the Dungeon)
Wands
 r - a wand of digging (1)
   (You took it off Natasha on level 2 of the Dungeon)
 s - a wand of flame (7)
   (You found it on level 2 of the Dungeon)
Scrolls
 h - a scroll of silence {unknown}
 j - 2 scrolls of noise {unknown}
 k - 2 scrolls of identify {unknown}
 l - 2 scrolls of fear {unknown}
 n - a scroll of butterflies {unknown}
 u - 2 scrolls of immolation {unknown}
 w - 2 scrolls of teleportation {unknown}
Potions
 d - a potion of might
 e - 4 potions of curing {unknown}
 f - 2 potions of mutation {unknown}
 g - 2 potions of resistance {unknown}
 i - a potion of invisibility {unknown}
 t - a potion of cancellation {unknown}
 z - a potion of lignification {unknown}

Dungeon Overview and Level Annotations

Branches:
Dungeon (4/15) Zot: 20809
 Temple: D:4-7

Altars:
Xom

Shops:
D:1 *

Annotations:
D:4 Edmund

.## ######..# #......
...##.......#
#......####
#..#........
.........####..........
#................))..#
#...............).)..#
#...............).....
#......=...........##.
#...@@.....†........+.
#.......[.........###.
#...........###.......
#...........+ #.......
#...........# ###.....
#####.......# #.....
#.......# #.....
#.......#####.....
#.................


You could see Edmund.


Message History

Your Staves skill increases to level 2!
Your Ranged Weapons skill increases to level 2!
Your Throwing skill increases to level 2!
Your Dodging skill increases to level 2!
Your Stealth skill increases to level 2!
Your Unarmed Combat skill increases to level 2!
Your Spellcasting skill increases to level 2!
Your Evocations skill increases to level 2!
You hit the endoplasm.
The endoplasm hits you but does no damage.
The endoplasm barely misses you. 😕 HP[+1]
You hit the endoplasm. You bite the endoplasm. The endoplasm freezes you.
You are frozen.
You hit the endoplasm.
You kill the endoplasm! 😕 HP[-2]
You take 2 damage, and now have 45/53 hp.
No target in view!
No target in view!
No target in view!
No target in view!
No target in view!
No target in view!
No target in view!
No target in view!
No target in view!
No target in view!
No target in view!
No target in view!
No target in view!
No target in view!
No target in view!
No target in view!
No target in view!
No target in view!
No target in view!
No target in view!
No target in view!
You see here an iguana corpse. 😕 HP[+1] Edmund the Younger comes into view.
He is wielding a +6 flail of protection.
Edmund shouts!
You see here a +0 kite shield. 😕 MP[+1]
Your mp is fully restored (9).
Edmund hits you with a +6 flail of protection. 😕 HP[-5]
You take 5 damage, and now have 41/53 hp.
You closely miss Edmund.
Edmund hits you with a +6 flail of protection.
Edmund hits you with a +6 flail of protection! 😮 HP[-14]
You take 14 damage, and now have 27/53 hp.
MASSIVE DAMAGE!! (PAUSE)
You hit Edmund but do no damage. Your bite misses Edmund.
Edmund hits you with a +6 flail of protection.
* * * LOW HITPOINT WARNING * * *
😨 HP[-3]
You take 3 damage, and now have 24/53 hp.
You hit Edmund. Edmund closely misses you.
You hit Edmund but do no damage.
Edmund hits you with a +6 flail of protection.
* * * LOW HITPOINT WARNING * * *
😨 HP[-4]
You take 4 damage, and now have 20/53 hp.
You hit Edmund but do no damage. You block Edmund's attack. x2
You hit Edmund but do no damage. Your bite misses Edmund.
You block Edmund's attack. 😨 HP[+1]
You hit Edmund but do no damage. You bite Edmund, but do no damage.
Edmund barely misses you.
Unknown command.
You completely miss Edmund. You block Edmund's attack. x2
You hit Edmund. Edmund hits you but does no damage.
You hit Edmund but do no damage. Your bite misses Edmund.
Edmund hits you with a +6 flail of protection.
* * * LOW HITPOINT WARNING * * *
😨 HP[-5]
You take 5 damage, and now have 16/53 hp.
You hit Edmund but do no damage. You block Edmund's attack.
Edmund hits you with a +6 flail of protection!
* * * LOW HITPOINT WARNING * * *
😱 HP[-9]
You take 9 damage, and now have 7/53 hp.
You completely miss Edmund. Edmund hits you but does no damage.
You closely miss Edmund. You block Edmund's attack.
You hit Edmund but do no damage. Your bite misses Edmund.
Edmund closely misses you. You block Edmund's attack.
You hit Edmund.
Edmund hits you with a +6 flail of protection.
* * * LOW HITPOINT WARNING * * *
😱 HP[-5]
You take 5 damage, and now have 2/53 hp.
You barely miss Edmund. You bite Edmund, but do no damage.
Edmund hits you but does no damage.
You completely miss Edmund.
Edmund hits you with a +6 flail of protection.
You die...

Skill      XL: |  1  2  3  4  5  6 |
---------------+-------------------+-----
Invocations    | 1 2 |  2.2
Short Blades   | 1 2 |  2.0
Long Blades    | 1 2 |  2.0
Maces & Flails | 1 2 |  2.0
Polearms       | 1 2 |  2.0
Staves         | 1 2 |  2.0
Ranged Weapons | 1 2 |  2.0
Throwing       | 1 2 |  2.0
Dodging        | 1 2 |  2.0
Stealth        | 1 2 |  2.0
Unarmed Combat | 1 2 |  2.0
Spellcasting   | 1 2 |  2.0
Evocations     | 1 2 |  2.0
Conjurations   | 1 |  1.5
Hexes          | 1 |  1.5
Summonings     | 1 |  1.5
Necromancy     | 1 |  1.5
Translocations | 1 |  1.5
Transmutations | 1 |  1.5
Fire Magic     | 1 |  1.5
Ice Magic      | 1 |  1.5
Air Magic      | 1 |  1.5
Earth Magic    | 1 |  1.5
Poison Magic   | 1 |  1.5
Axes           | 5 |  5.0
Fighting       | |  6.8
Armour         | |  6.8
Shields        | |  6.8

Action                   |  1- 3 |  4- 6 || total
-------------------------+-------+-------++-------
Melee: War axe           |    89 |   122 ||   211
       Bite              |    10 |    13 ||    23
  Use: Scroll            |       |     1 ||     1
Armor: Scale mail        |    25 |       ||    25
       Chain mail        |    21 |    64 ||    85
Dodge: Dodged            |    39 |    37 ||    76
Block: Buckler           |    28 |    53 ||    81

Levels and vault maps discovered:
D:1:      dpeg_arrival_more_subterranean_lakeside_camping, layout_basic,
          basic_ecumenical_altar, serial_shops, shop_fountains
D:2:      layout_basic, uniq_natasha
D:3:      layout_loops_ring, mainiacjoe_overflow_six_doors_small, uniq_robin
D:4:      layout_basic, mainiacjoe_overflow_alcove_4, kennysheep_mini, tgw_sif,
          minmay_temple_entry_wispy, chequers_serial_rivers_small_3,
          fountainhead, minmay_mini_jars, uniq_edmund, uniq_ijyb

Notes
Turn   | Place    | Note
-------+----------+-------------------------------------------
     0 | D:1      | Sanktem7 the Gnoll Fighter began the quest for the Orb.
     0 | D:1      | Reached XP level 1. HP: 23/23 MP: 1/1
     0 | D:1      | magus.rc [v1.9.6]
   279 | D:1      | Reached XP level 2. HP: 29/29 MP: 2/2
   361 | D:1      | Found Kuebeka Gacu's Assorted Antiques.
   482 | D:1      | Reached XP level 3. HP: 33/35 MP: 3/3
   648 | D:1      | Found a faded altar of an unknown god.
   807 | D:1      | Reached skill level 1 in Invocations
  1461 | D:2      | Reached skill level 1 in Short Blades
  1461 | D:2      | Reached skill level 1 in Long Blades
  1461 | D:2      | Reached skill level 1 in Maces & Flails
  1461 | D:2      | Reached skill level 1 in Polearms
  1461 | D:2      | Reached skill level 1 in Staves
  1461 | D:2      | Reached skill level 1 in Ranged Weapons
  1461 | D:2      | Reached skill level 1 in Throwing
  1461 | D:2      | Reached skill level 1 in Dodging
  1461 | D:2      | Reached skill level 1 in Stealth
  1461 | D:2      | Reached skill level 1 in Unarmed Combat
  1461 | D:2      | Reached skill level 1 in Spellcasting
  1461 | D:2      | Reached skill level 1 in Evocations
  1497 | D:2      | Noticed Natasha
  1507 | D:2      | Killed Natasha
  1508 | D:2      | Reached XP level 4. HP: 31/41 MP: 5/5
  1572 | D:2      | Noticed Natasha
  1584 | D:2      | Killed Natasha
  1585 | D:2      | Reached skill level 1 in Conjurations
  1585 | D:2      | Reached skill level 1 in Hexes
  1585 | D:2      | Reached skill level 1 in Summonings
  1585 | D:2      | Reached skill level 1 in Necromancy
  1585 | D:2      | Reached skill level 1 in Translocations
  1585 | D:2      | Reached skill level 1 in Transmutations
  1585 | D:2      | Reached skill level 1 in Fire Magic
  1585 | D:2      | Reached skill level 1 in Ice Magic
  1585 | D:2      | Reached skill level 1 in Air Magic
  1585 | D:2      | Reached skill level 1 in Earth Magic
  1585 | D:2      | Reached skill level 1 in Poison Magic
  1723 | D:2      | Noticed Natasha
  1726 | D:2      | Killed Natasha
  1727 | D:2      | Reached XP level 5. HP: 47/47 MP: 5/7
  2082 | D:3      | Noticed Robin
  2096 | D:3      | Killed Robin
  2310 | D:3      | Found a shimmering altar of Xom.
  2755 | D:4      | Noticed Ijyb
  2774 | D:4      | Reached skill level 2 in Invocations
  2774 | D:4      | Killed Ijyb
  2775 | D:4      | Reached XP level 6. HP: 17/53 MP: 8/8
  2778 | D:4      | HP: 12/53 [kobold/+0 dagger (3)]
  3058 | D:4      | Reached skill level 5 in Axes
  3085 | D:4      | Reached skill level 2 in Short Blades
  3085 | D:4      | Reached skill level 2 in Long Blades
  3085 | D:4      | Reached skill level 2 in Maces & Flails
  3085 | D:4      | Reached skill level 2 in Polearms
  3085 | D:4      | Reached skill level 2 in Staves
  3085 | D:4      | Reached skill level 2 in Ranged Weapons
  3085 | D:4      | Reached skill level 2 in Throwing
  3085 | D:4      | Reached skill level 2 in Dodging
  3085 | D:4      | Reached skill level 2 in Stealth
  3085 | D:4      | Reached skill level 2 in Unarmed Combat
  3085 | D:4      | Reached skill level 2 in Spellcasting
  3085 | D:4      | Reached skill level 2 in Evocations
  3091 | D:4      | Noticed Edmund
  3105 | D:4      | HP: 7/53 [Edmund/+6 flail of protection (9)]
  3109 | D:4      | HP: 2/53 [Edmund/+6 flail of protection (6)]
  3111 | D:4      | Slain by Edmund

Vanquished Creatures
  An iguana (D:4)
  Ijyb (D:4)
  Natasha (thrice) (D:2)
  An orc wizard (D:4)
  Robin (D:3)
  A gnoll (D:4)
  3 adders
  A dart slug (D:1)
  7 orcs (D:4)
  9 endoplasms
  2 giant cockroaches (D:1)
  6 hobgoblins
  7 jackals
  3 quokkas
  6 ball pythons
  4 bats (D:1)
  3 frilled lizards (D:1)
  13 goblins
  6 kobolds
  7 rats
85 creatures vanquished.

Vanquished Creatures (collateral kills)
  A rat (D:3)
1 creature vanquished.

Grand Total: 86 creatures vanquished

Table legend:
 A = Non-vault XP
 B = Vault XP
 C = Vault XP percentage of total XP
 D = Non-vault monster count
 E = Vault monster count
 F = Vault count percentage of total count
                 A         B        C        D         E       F
            +---------+---------+-------+---------+---------+-------
      Total |     277 |     145 |  34.4 |      67 |      19 |  22.1
            +---------+---------+-------+---------+---------+-------
        D:1 |      52 |       0 |   0.0 |      32 |       0 |   0.0
        D:2 |      87 |      36 |  29.3 |      11 |       1 |   8.3
        D:3 |      38 |      40 |  51.3 |      11 |      13 |  54.2
        D:4 |     100 |      69 |  40.8 |      13 |       5 |  27.8
            +---------+---------+-------+---------+---------+-------

Illustrated notes

Table legend:
 A = Kills in this place as a percentage of kills in entire the game.
 B = Kills by you in this place as a percentage of kills by you in the entire game.
 C = Kills by friends in this place as a percentage of kills by friends in the entire game.
 D = Other kills in this place as a percentage of other kills in the entire game.
 E = Experience gained in this place as a percentage of experience gained in the entire game.
 F = Experience gained in this place divided by the number of levels of this place that you have seen.
                   A       B       C       D       E      F
               +-------+-------+-------+-------+-------+----------------------
         Total | 100.0 | 100.0 | 100.0 |   N/A | 100.0 | 105.5
       Dungeon | 100.0 | 100.0 | 100.0 |   N/A | 100.0 | 105.5
               +-------+-------+-------+-------+-------+----------------------

Table legend: (Time is in decaauts)
 A = Elapsed time spent in this place.
 B = Non-inter-level travel time spent in this place.
 C = Inter-level travel time spent in this place.
 D = Time resting spent in this place.
 E = Time spent auto-exploring this place.
 F = Levels seen in this place.
 G = Mean time per level.
                   A        B        C        D        E       F      G
               +--------+--------+--------+--------+--------+-----+--------+
         Total |   3189 |   3107 |     82 |      0 |   2645 |   4 |  797.2 |
       Dungeon |   3189 |   3107 |     82 |      0 |   2645 |   4 |  797.2 |
               +--------+--------+--------+--------+--------+-----+--------+

Top non-repeatable levels by time:
     D:2: 1043 daAuts
     D:1: 961 daAuts
     D:3: 779 daAuts
     D:4: 405 daAuts
